 Dungeon Crawl Stone Soup version 0.32-a0-22-g6ae6769602 (webtiles) character file.

Game seed: 15076338069679268053

2747 jasper the Conjurer (level 9, -18/72 HPs)
             Began as an Armataur Fire Elementalist on Jan 18, 2024.
             Was a Priest of Cheibriados.
             Killed from afar by Maggie (28 damage)
             ... with a bolt of fire
             ... on level 7 of the Dungeon.
             The game lasted 00:13:15 (6289 turns).

jasper the Conjurer (Armataur Fire Elementalist)    Turns: 6289, Time: 00:13:15

Health: -18/72     AC:  8    Str: 19    XL:     9   Next: 41%
Magic:  8/16       EV: 15    Int: 26    God:    Cheibriados [***...]
Gold:   347        SH:  0    Dex: 17    Spells: 0/18 levels left

rFire   . . .        j - +3 trident
rCold   . . .        (no shield)
rNeg    . . .        a - +0 robe
rPois   .            (no helmet)
rElec   .            (no cloak)
rCorr   .            (no gloves)
SInv    .            (no barding)
Will    .....        i - amulet of magic regeneration
Stlth   ++           o - +4 ring of protection
HPRegen 0.97/turn    u - +5 ring of evasion
MPRegen 0.88/turn

%: roll
@: very slow
A: large, deformed body, tough skin 3, armoured tail, roll 2
a: Renounce Religion, Bend Time, Temporal Distortion


You were on level 7 of the Dungeon.
You worshipped Cheibriados.
Cheibriados was most pleased with you.
You visited 2 branches of the dungeon, and saw 8 of its levels.

You collected 347 gold pieces.

Inventory:

Hand Weapons
 c - a +0 short sword
 j - a +3 trident (weapon)
Missiles
 s - 2 throwing nets
 D - 5 curare-tipped darts
Armour
 a - a +0 robe (worn)
Jewellery
 d - a ring of protection from fire
 i - an amulet of magic regeneration (around neck)
 o - a +4 ring of protection (left hand)
 u - a +5 ring of evasion (right hand)
 z - a ring of ice
Wands
 w - a wand of flame (21)
 y - a wand of mindburst (9)
Scrolls
 g - 3 scrolls of amnesia
 m - 2 scrolls of vulnerability
 n - a scroll of torment
 p - a scroll of teleportation
 q - a scroll of enchant weapon
 t - a scroll of enchant armour {unknown}
 v - 3 scrolls of fog {unknown}
 C - 2 scrolls of identify
Potions
 b - a potion of magic
 e - 4 potions of attraction
 f - 3 potions of might
 h - 3 potions of mutation
 k - 3 potions of heal wounds {unknown}
 l - 3 potions of ambrosia {unknown}
 r - 2 potions of cancellation {unknown}
 x - a potion of berserk rage {unknown}
 A - a potion of curing {unknown}
 B - 2 potions of lignification {unknown}


   Skills:
 + Level 4.5 Fighting
 - Level 1.3 Dodging
 - Level 2.1 Stealth
 - Level 5.0 Spellcasting
 * Level 6.1 Conjurations
 - Level 2.0 Translocations
 * Level 5.3 Fire Magic
 - Level 5.0 Earth Magic


You couldn't memorise any spells.
You knew the following spells:

 Your Spells              Type           Power      Damage    Failure   Level
a - Foxfire               Conj/Fire      100%       2x1d9     1%          1
b - Scorch                Fire           68%        2d7       1%          2
c - Stone Arrow           Conj/Erth      70%        3d11      2%          3
d - Blink                 Tloc           32%        N/A       4%          2
e - Flame Wave            Conj/Fire      36%        2d10      7%          4
f - Gell's Gravitas       Tloc           16%        N/A       10%         3
g - Passwall              Erth           32%        N/A       3%          3

Your spell library contained the following spells:

 Spells                   Type           Power      Damage    Failure   Level
 Magic Dart               Conj           100%       1d8       1%          1
 Sandblast                Erth           64%        2d14      1%          1
 Searing Ray              Conj           76%        2d7       1%          2
 Sting                    Conj/Alch      88%        1d8       2%          1
 Momentum Strike          Conj/Tloc      54%        3d9       2%          2
 Apportation              Tloc           32%        N/A       3%          1
 Lesser Beckoning         Tloc           32%        N/A       4%          2
 Volatile Blastmotes      Fire/Tloc      50%        2d14      4%          3
 Necrotise                Necr           24%        1d5       8%          1
 Summon Small Mammal      Summ           24%        N/A       8%          1
 Inner Flame              Hex/Fire       20%        N/A       8%          3
 Brom's Barrelling Bould  Conj/Erth      35%        2d5       8%          4
 Teleport Other           Tloc           16%        N/A       10%         3
 Fugue of the Fallen      Necr           6%         N/A       22%         3
 Ozocubu's Armour         Ice            6%         N/A       22%         3
 Fulminant Prism          Conj/Alch      11%        3d9       22%         4
 Manifold Assault         Tloc           16%        N/A       32%         4


Dungeon Overview and Level Annotations

Branches:
Dungeon (7/15)             Temple (1/1) D:4

Altars:
Ashenzari
Cheibriados
Dithmenos
Elyvilon
Fedhas
Gozag
Hepliaklqana
Makhleb
Nemelex Xobeh
Okawaru
Qazlal
Ru
Sif Muna
Trog
Uskayaw
Wu Jian
Xom
Yredelemnul
The Shining One

Annotations:
D:4 1 runed translucent door, Livid's ghost, amateur OpBr
D:7 Maggie


Innate Abilities, Weirdness & Mutations

Armour fits poorly on your strangely shaped body.
You have extremely tough skin. (AC +3)
You have a long armoured tail.
You regenerate magic and health when rolling toward enemies. (Rampage Regen)


Message History

Maggie is heavily wounded.
Maggie misses you.
You now have 12/16 mp.
Casting: Scorch (safe; 1% risk of failure)
Confirm with . or Enter, or press ? or * to list all spells.
Flames lash Maggie.
Maggie is burned terribly!
Maggie is heavily wounded.
Maggie smiles, but it's obviously fake.
Maggie hits you with a +2 halberd of flaming.
Maggie burns you.
You take 2 damage, and have 53/72 hp.
You now have 10/16 mp.
Casting: Scorch (safe; 1% risk of failure)
Confirm with . or Enter, or press ? or * to list all spells.
Flames lash Maggie.
Maggie is burned terribly!
Maggie is severely wounded.
Maggie misses you.
You now have 9/16 mp.
Casting: Scorch (safe; 1% risk of failure)
Confirm with . or Enter, or press ? or * to list all spells.
Flames lash Maggie.
Maggie is burned terribly!
Maggie is severely wounded.
Maggie hits you with a +2 halberd of flaming!
Maggie burns you.
You take 13 damage, and have 40/72 hp.
You now have 7/16 mp.
Casting: Scorch (safe; 1% risk of failure)
Confirm with . or Enter, or press ? or * to list all spells.
Flames lash Maggie.
Maggie is burned terribly!
Maggie is almost dead.
Maggie hits you with a +2 halberd of flaming!
Maggie burns you!
* * * LOW HITPOINT WARNING * * *
You take 23 damage, and have 17/72 hp.
MASSIVE DAMAGE!!
You now have 6/16 mp.
Maggie zaps a wand.
The mass of ice explodes!
The iceblast engulfs you!
* * * LOW HITPOINT WARNING * * *
You take 8 damage, and have 9/72 hp.
You roll towards Maggie!
You hit Maggie. You tail-slap Maggie.
Maggie is almost dead.
Maggie gestures at you while chanting. The bolt of fire hits you!!
You die...

#.# #.#
#.##...##.#.
#.# #.#
#.##...##.##
#.# #.#
#.........#
#.# #.#
#.......###
#.# #.#
#.##(####
#.# #.##.#
#.# #.##.#
#.######.#
#.##.#
#....@@..#
#.####
##########
#.# #.# ###


You could see Maggie (combustible).

Vanquished Creatures
  An unseen horror (D:6)
  Prince Ribbit (D:7)
  4 ice beasts
  5 ogres
  A sky beast (D:5)
  3 phantoms
  A kobold brigand (D:6)
  Blork the orc (D:5)
  3 gnoll sergeants
  A scorpion (D:5)
  2 bombardier beetles
  2 hounds (D:6)
  2 jellies
  A gnoll bouda (D:4)
  2 sleepcaps (D:5)
  6 iguanas
  4 orc wizards (D:6)
  3 adders
  17 gnolls
  A ribbon worm (D:3)
  3 dart slugs
  13 orcs
  5 endoplasms
  A giant cockroach (D:2)
  11 goblins
  9 hobgoblins
  12 jackals
  6 quokkas
  7 ball pythons
  9 bats
  5 frilled lizards
  9 kobolds
  5 rats
156 creatures vanquished.

Vanquished Creatures (others)
  431 foxfires
431 creatures vanquished.

Grand Total: 587 creatures vanquished

Notes
Turn   | Place    | Note
-------+----------+-------------------------------------------
     0 | D:1      | jasper the Armataur Fire Elementalist began the quest for
                  | the Orb.
     0 | D:1      | Reached XP level 1. HP: 14/14 MP: 3/3
   167 | D:1      | Reached skill level 1 in Conjurations
   483 | D:1      | Reached XP level 2. HP: 15/20 MP: 1/5
   486 | D:1      | Learned a level 2 spell: Scorch
  1209 | D:2      | Reached XP level 3. HP: 26/26 MP: 3/6
  1418 | D:2      | Learned a level 3 spell: Stone Arrow
  2190 | D:3      | Reached skill level 1 in Earth Magic
  2190 | D:3      | Reached XP level 4. HP: 33/33 MP: 2/7
  2393 | D:3      | Found a burning altar of Makhleb.
  2424 | D:3      | Reached skill level 2 in Conjurations
  2704 | D:3      | Reached XP level 5. HP: 38/38 MP: 8/8
  3109 | D:4      | Found a runed translucent door.
  3301 | D:4      | Reached skill level 3 in Conjurations
  3481 | D:4      | Found a stormy altar of Qazlal.
  3538 | D:4      | Noticed a phantom
  3546 | D:4      | Reached XP level 6. HP: 43/45 MP: 4/9
  3711 | D:4      | Found a sparkling altar of Nemelex Xobeh.
  3870 | D:4      | Found a staircase to the Ecumenical Temple.
  3881 | Temple   | Entered the Ecumenical Temple
  3889 | Temple   | Became a worshipper of Cheibriados the Contemplative
  3974 | D:4      | Noticed Livid's ghost (amateur OpBr)
  3989 | D:5      | Entered Level 5 of the Dungeon
  4015 | D:5      | Reached skill level 4 in Conjurations
  4020 | D:5      | Gained mutation: You regenerate magic and health when
                  | rolling toward enemies. (Rampage Regen) [Armataur growth]
  4020 | D:5      | Reached XP level 7. HP: 51/51 MP: 3/10
  4023 | D:5      | Learned a level 2 spell: Blink
  4072 | D:5      | Reached skill level 1 in Fighting
  4136 | D:5      | Noticed Blork the orc
  4158 | D:5      | Killed Blork the orc
  4348 | D:5      | Learned a level 4 spell: Flame Wave
  4428 | D:5      | Reached * piety under Cheibriados
  4464 | D:5      | Reached skill level 1 in Translocations
  4464 | D:5      | Reached XP level 8. HP: 35/62 MP: 2/14
  4541 | D:5      | Learned a level 3 spell: Gell's Gravitas
  4898 | D:6      | Reached skill level 5 in Spellcasting
  5059 | D:6      | Reached ** piety under Cheibriados
  5174 | D:6      | Reached skill level 5 in Earth Magic
  5197 | D:6      | Found an ornate altar of the Wu Jian Council.
  5275 | D:6      | Reached skill level 5 in Conjurations
  5283 | D:6      | Killed an unseen horror
  5284 | D:6      | Reached XP level 9. HP: 59/71 MP: 8/16
  5302 | D:6      | Learned a level 3 spell: Passwall
  5655 | D:7      | Noticed Prince Ribbit
  5699 | D:7      | Killed Prince Ribbit
  5699 | D:7      | Reached *** piety under Cheibriados
  5700 | D:7      | Reached skill level 6 in Conjurations
  5700 | D:7      | Reached skill level 5 in Fire Magic
  6278 | D:7      | Noticed Maggie
  6289 | D:7      | Killed from afar by Maggie

Illustrated notes

Levels and vault maps discovered:
D:1:      dpeg_arrival_stone_temple_mockup, layout_loops_corners, serial_glass,
          glass_columns_a, glass_columns_a, glass_columns_b, glass_columns_a,
          glass_columns_a, glass_columns_c, item_on_display_a,
          minmay_strange_pillars, minmay_strange_pillars,
          hangedman_feature_mirror
D:2:      layout_loops_cross
D:3:      layout_loops_corners, lightli_temple_of_fire
D:4:      layout_rooms, nemelex_spade_bored_becter, lemuel_round_altar,
          minmay_temple_entry_poolview, ebering_ghost_reflecting_pool
D:5:      layout_rooms, nicolae_grassy_gnolls, uniq_blork_the_orc
D:6:      layout_rooms, nicolae_wu_jian_wuxing_cycle
D:7:      layout_basic, uniq_prince_ribbit1, uniq_maggie
Temple:   nicolae_temple_no_exploring_needed

Skill      XL: |  1  2  3  4  5  6  7  8  9 |
---------------+----------------------------+-----
Conjurations   | 1 2 3 4 5 6 |  6.1
Spellcasting   | 2 4 5 |  5.0
Fire Magic     | 3 4 5 |  5.3
Earth Magic    | 1 3 4 5 |  5.0
Fighting       | 2 4 |  4.5
Translocations | 1 2 |  2.0
Dodging        | |  1.3
Stealth        | |  2.1

Action                     |  1- 3 |  4- 6 |  7- 9 || total
---------------------------+-------+-------+-------++-------
  Melee: Unarmed           |     2 |       |       ||     2
         Tailslap          |     1 |       |     6 ||     7
         Trident           |     2 |    12 |    28 ||    42
   Cast: Foxfire           |    73 |    60 |   129 ||   262
         Scorch            |    19 |    31 |    83 ||   133
         Blink             |       |       |     2 ||     2
         Flame Wave        |       |       |     1 ||     1
    Use: Scroll            |     7 |     5 |     2 ||    14
 Armour: Robe              |    24 |    31 |    85 ||   140
  Dodge: Dodged            |    10 |    14 |   102 ||   126

Table legend: (Time is in decaauts)
 A = Elapsed time spent in this place.
 B = Non-inter-level travel time spent in this place.
 C = Inter-level travel time spent in this place.
 D = Time resting spent in this place.
 E = Time spent auto-exploring this place.
 F = Levels seen in this place.
 G = Mean time per level.
                   A        B        C        D        E       F      G
               +--------+--------+--------+--------+--------+-----+--------+
         Total |   7040 |   6906 |    134 |    409 |   5501 |   8 |  880.0 |
       Dungeon |   7022 |   6895 |    127 |    409 |   5501 |   7 | 1003.1 |
        Temple |     17 |     10 |      7 |      0 |      0 |   1 |   17.0 |
               +--------+--------+--------+--------+--------+-----+--------+

Top non-repeatable levels by time:
     D:7: 1344 daAuts
     D:1: 1165 daAuts
     D:4: 973 daAuts
     D:5: 967 daAuts
     D:3: 964 daAuts
     D:2: 895 daAuts
     D:6: 712 daAuts
  Temple: 17 daAuts
